 Dungeon Crawl Stone Soup version 0.25-a0-306-g3faca94807 (webtiles) character file.

Game seed: 11535492920725186228, levelgen mode: deterministic

89 Redear the Skirmisher (level 4, 0/37 HPs)
             Began as a Mummy Monk on Dec 21, 2019.
             Slain by a gnoll
             ... wielding a +0 spear
              (6 damage)
             ... on level 2 of the Dungeon.
             The game lasted 00:04:58 (3491 turns).

Redear the Skirmisher (Mummy Monk)                  Turns: 3491, Time: 00:04:59

Health: 0/37       AC:  2    Str: 14    XL:     4   Next: 31%
Magic:  4/4        EV: 13    Int:  9    God:
Gold:   94         SH:  0    Dex: 15    Spells: 3/3 levels left

rFire    . . .     SeeInvis .     - Unarmed
rCold    + + .     Gourm    .   (no shield)
rNeg     + + +     Faith    .   (no armour)
rPois    ∞         Spirit   .   (no helmet)
rElec    .         Reflect  .   (no cloak)
rCorr    .         Harm     .   h - +1 pair of gloves
MR       .....                  (no boots)
Stlth    ++........             (no amulet)
HPRegen  0.12/turn              f - ring of protection from fire {rF+}
MPRegen  0.09/turn              c - ring of protection from cold {rC+}

@: no status effects
A: no food or potions, fire vulnerability, cold resistance 1, negative energy
resistance 3, torment resistance, unbreathing
a: no special abilities


You were on level 2 of the Dungeon.
You were not hungry.

You visited 1 branch of the dungeon, and saw 3 of its levels.

You collected 94 gold pieces.

Inventory:

Missiles
 k - 3 stones (quivered)
Armour
 d - a +0 pair of gloves
 h - a +1 pair of gloves (worn)
Jewellery
 c - a ring of protection from cold (right hand) {rC+}
 f - a ring of protection from fire (left hand) {rF+}
Scrolls
 a - a scroll of immolation
 b - a scroll of teleportation {unknown}
 e - a scroll of fog
 g - a scroll of amnesia
 i - a scroll of magic mapping {unknown}
 j - a scroll of noise {unknown}
 R - a scroll of identify {@r1}


   Skills:
 + Level 3.8 Fighting
 + Level 3.1 Dodging
 - Level 1.5 Stealth
 + Level 3.2 Unarmed Combat


You had 3 spell levels left.
You didn't know any spells.
Your spell library was empty.

Dungeon Overview and Level Annotations

Branches:
Dungeon (3/15)

Altars:


Innate Abilities, Weirdness & Mutations

You do not eat or drink.
Your flesh is vulnerable to fire.
You are immune to poison.
Your flesh is cold resistant. (rC+)
You are immune to negative energy. (rN+++)
You are immune to unholy pain and torment.
You can survive without breathing.


Message History

You are too injured to fight recklessly!
You are too injured to fight recklessly!
You are too injured to fight recklessly!
Okay, then.
Unknown command.
Okay, then.
Unknown command.
Unknown command.
Unknown command.
You closely miss the gnoll.
The gnoll is almost dead.
The gnoll closely misses you. The gnoll hits you with a +0 spear.
* * * LOW HITPOINT WARNING * * *
You take 4 damage, and have 6/37 hp.
Okay, then.
As you read the scroll labeled FABREC PUTRYOTO, it crumbles to dust.
It is a scroll of amnesia.
You feel forgetful for a moment. The gnoll misses you.
The gnoll hits you with a +0 spear.
You die...

#.†..........# ##.....##
######[######### #.......#
#.......# #.......# #.####..#
####### #.......# #.##....#
#.....# ##.....## #.##.##.#
#>...[# ##...## #.##.##.#
#....)# ##.## #.......# #.....#
##..# ####....# #.)g@.# ##...##
####.# ###g#####.....# #.#
#......#...## #.# ######.##(##
####.#### #####.##)#
#####.[.....####........#######
..((..#..........!.#.##)......#
#####.#.......##.#.#.##.#####.#
# #.#.......##.#.#.##.#


You could see 2 gnolls.

Vanquished Creatures
  A gnoll (D:2)
  2 adders
  A shadow imp (D:2)
  An ooze (D:3)
  A worm (D:2)
  A dart slug (D:2)
  4 leopard geckos
  An orc (D:3)
  2 giant cockroaches (D:2)
  5 goblins
  3 hobgoblins
  3 quokkas
  2 bats
  5 frilled lizards
  8 kobolds
  3 rats (D:2)
43 creatures vanquished.

Notes
Turn   | Place    | Note
-------+----------+-------------------------------------------
     0 | D:1      | Redear the Mummy Monk began the quest for the Orb.
     0 | D:1      | Reached XP level 1. HP: 18/18 MP: 1/1
   840 | D:1      | Reached XP level 2. HP: 16/24 MP: 2/2
  1387 | D:1      | Reached XP level 3. HP: 13/29 MP: 3/3
  2486 | D:2      | Reached skill level 3 in Unarmed Combat
  2968 | D:3      | Reached skill level 3 in Dodging
  3257 | D:3      | Reached XP level 4. HP: 32/37 MP: 4/4
  3491 | D:2      | Slain by a gnoll

Levels and vault maps discovered:
D:1:      sevenhm_arrival_forest_fort_small_3, layout_basic
D:2:      layout_loops_cross
D:3:      layout_basic, nicolae_overflow_hidden_temple,
          chequers_serial_rivers_micro_d

Skill      XL: |  1  2  3 |
---------------+----------+-----
Unarmed Combat | 3 |  3.2
Dodging        | 3 |  3.1
Fighting       | |  3.8
Stealth        | |  1.5

Action                   |  1- 3 |  4- 6 || total
-------------------------+-------+-------++-------
Melee: Unarmed           |   195 |    24 ||   219
       Punch             |     3 |     1 ||     4
  Use: Scroll            |     2 |     1 ||     3
 Stab: Sleeping          |     2 |       ||     2
Armor: Skin              |    22 |     2 ||    24
Dodge: Dodged            |   116 |    15 ||   131

Table legend:
 A = Non-vault XP
 B = Vault XP
 C = Vault XP percentage of total XP
 D = Non-vault monster count
 E = Vault monster count
 F = Vault count percentage of total count
                 A         B        C        D         E       F
            +---------+---------+-------+---------+---------+-------
      Total |     128 |       0 |   0.0 |      43 |       0 |   0.0
            +---------+---------+-------+---------+---------+-------
        D:1 |      32 |       0 |   0.0 |      11 |       0 |   0.0
        D:2 |      65 |       0 |   0.0 |      24 |       0 |   0.0
        D:3 |      31 |       0 |   0.0 |       8 |       0 |   0.0
            +---------+---------+-------+---------+---------+-------
